 Dungeon Crawl Stone Soup version bcrawl-1.40.2 (webtiles) character file.

Game seed: 15062251410183715395

129636 Mehrunes the Charmwright (level 4, -4/34 HPs)
             Began as a High Elf Skald on Nov 3, 2023.
             Killed from afar by Robin (12 damage)
             ... with a wand of flame (4)
             ... on level 2 of the Dungeon.
             The game lasted 00:03:33 (1614 turns).

Mehrunes the Charmwright (High Elf Skald)           Turns: 1614, Time: 00:03:34

Health: -4/34      AC:  3    Str: 11    XL:     4   Next: 5%
Magic:  8/8        EV: 18    Int: 15    God:
Gold:   121        SH:  1    Dex: 19    Spells: 1/7 levels left

rFire    . . .     GDR:     31% a - +0 long sword
rCold    . . .     SeeInvis .   (no shield)
rNeg     . . .     Gourm    .   b - +0 leather armour
rPois    .         Faith    .   (no helmet)
rElec    .         Spirit   .   (no cloak)
rCorr    .         Reflect  .   (no gloves)
MR       .....                  (no boots)
Stlth    ++........             d - amulet of magic regeneration
HPRegen  0.15/turn              (no ring)
MPRegen  0.21/turn              (no ring)

@: agile
A: obsessive focus, MP-powered wands
a: no special abilities


You were on level 2 of the Dungeon.
You were hungry.

You visited 1 branch of the dungeon, and saw 2 of its levels.

You collected 121 gold pieces.

Inventory:

Hand Weapons
 a - a +0 long sword (weapon)
Missiles
 h - a throwing net {=f}
Armour
 b - a +0 leather armour (worn)
Jewellery
 d - an amulet of magic regeneration (around neck)
 l - a +8 ring of intelligence {unknown}
Scrolls
 c - a scroll of enchant armour {unknown}
 f - a scroll of fear
 i - 2 scrolls of remove curse {unknown}
 j - 2 scrolls of enchant weapon {unknown}
 m - a scroll of immolation {unknown}
 r - a scroll of noise {unknown}
Potions
 k - a potion of lignification {unknown}
 n - a potion of mutation {unknown}
 o - a potion of curing {unknown}
 p - a potion of might {unknown}
 q - a potion of agility
Comestibles
 e - 5 rations {!d}
 g - 8 chunks of flesh


   Skills:
 + Level 2.5 Fighting
 * Level 3.6 Long Blades
 + Level 1.7 Armour
 + Level 2.7 Dodging
 - Level 2.4 Spellcasting
 + Level 3.6 Charms


You had one spell level left.
You knew the following spells:

 Your Spells              Type           Power        Failure   Level  Hunger
a - Infusion              Chrm           ##......     6%          1    None
b - Song of Slaying       Chrm           ##......     10%         2    ##.....
c - Spectral Weapon       Hex/Chrm       #.......     36%         3    ####...

Your spell library contained the following spells:

 Spells                   Type           Power        Failure   Level  Hunger
 Swiftness                Chrm/Air       #.......     21%         2    ##.....
 Ozocubu's Armour         Chrm/Ice       #.......     36%         3    ####...
 Regeneration             Chrm/Necr      #.........   36%         3    ####...


Dungeon Overview and Level Annotations

Branches:
Dungeon (2/12)

Altars:

Annotations:
D:2 Robin


Innate Abilities, Weirdness & Mutations

You can't train low skills.
You expend magic power (3 MP) to strengthen your wands.


Message History

You feel agile all of a sudden.
Robin zaps a wand.
The puff of flame hits your spectral weapon.
Your spectral weapon resists.
You aren't carrying any items that you can evoke.
Unknown command.
Something closely misses your spectral weapon.
Robin zaps a wand.
The puff of flame hits your spectral weapon.
Your spectral weapon resists.
Your spectral weapon shares its damage with you!
* * * LOW HITPOINT WARNING * * *
Robin says, "Bow before me, strongest of all the hobgoblins!"
Your spectral weapon fades away.
You see here a +0 dagger.
r - a scroll labeled ZEIBLE WAOL
Okay, then.
Robin zaps a wand.
The puff of flame misses you.
Robin zaps a wand.
The puff of flame hits you!
You die...

...##.# #####..## ##.......###.#
......#######...####.........##..
......>............'.........'(..
..###.#######...####.........##..
......# #.......# ##.......###..
#.##..# #.##.##.# ##.....## ##.
######## #.##.##.# ##...## #.
###....# #.##.##.# ##'## #.
##.♣.♣.# #.##..#@## #.# #.
≈P..(..# #.##.....# #.#### #.
....8..# #.##..#..# ##....#
≈P.....# #........# ##...#.....
##.♣.♣.# ####..##.####....# ####
###....# #...).g..g..(.# ######
#.###.####.#### #.....# #....#
####### ###..# #


You could see Robin.

Vanquished Creatures
  An ooze (D:2)
  A worm (D:2)
  3 dart slugs (D:1)
  A leopard gecko (D:2)
  4 bats
  15 goblins
  10 hobgoblins
  2 jackals (D:1)
  3 frilled lizards (D:1)
  5 kobolds
  6 rats
51 creatures vanquished.

Notes
Turn   | Place    | Note
-------+----------+-------------------------------------------
     0 | D:1      | Mehrunes the High Elf Skald began the quest for the Orb.
     0 | D:1      | Reached XP level 1. HP: 16/16 MP: 4/4
   100 | D:1      | Reached XP level 2. HP: 21/22 MP: 6/6
   257 | D:1      | Learned a level 2 spell: Song of Slaying
   518 | D:1      | Reached XP level 3. HP: 26/27 MP: 7/7
  1096 | D:2      | Learned a level 3 spell: Spectral Weapon
  1559 | D:2      | Reached XP level 4. HP: 27/34 MP: 8/8
  1567 | D:2      | Noticed Robin
  1614 | D:2      | Killed from afar by Robin

Skill      XL: |  1  2 |
---------------+-------+-----
Long Blades    | 3 |  3.6
Fighting       | |  2.5
Armour         | |  1.7
Dodging        | |  2.7
Spellcasting   | |  2.4
Charms         | |  3.6

Action                   |  1- 3 |  4- 6 || total
-------------------------+-------+-------++-------
Melee: Long sword        |   153 |     8 ||   161
 Cast: Infusion          |     3 |       ||     3
       Song of Slaying   |     2 |       ||     2
       Spectral Weapon   |     1 |     1 ||     2
  Use: Potion            |       |     1 ||     1
  Eat: Chunk             |     7 |       ||     7
Armor: Leather armour    |    48 |     1 ||    49
Dodge: Dodged            |    89 |     5 ||    94
Block: Other             |    13 |       ||    13
